 Dungeon Crawl Stone Soup version 0.24.0-123-gd5b16e6ec5 (webtiles) character file.

Game seed: 13358725590465397001, levelgen mode: deterministic

582562 mortelune the Conqueror (level 25, -4/231 HPs)
             Began as a Minotaur Monk on Dec 28, 2019.
             Was the Champion of the Shining One.
             Slain by a golden dragon (32 damage)
             ... on level 1 of the Realm of Zot.
             The game lasted 03:36:47 (80230 turns).

mortelune the Conqueror (Minotaur Monk)            Turns: 80230, Time: 03:36:48

Health: -4/231     AC: 38    Str: 40    XL:     25   Next: 98%
Magic:  12/34      EV: 20    Int:  4    God:    the Shining One [******]
Gold:   3619       SH: 24    Dex: 18    Spells: 24/27 levels left

rFire    + + +     SeeInvis +   b - +9 eudemon blade (holy)
rCold    + . .     Gourm    .   s - +2 buckler {rC+ rF+}
rNeg     + + +     Faith    .   x - +4 plate armour {rF+}
rPois    +         Spirit   .   z - +1 hat {MR+}
rElec    +         Reflect  .   L - +0 cloak of Sovereignty {Str+5}
rCorr    +         Harm     .   K - +1 pair of gloves {Dex+3}
MR       +++++                  M - +2 pair of boots {run}
Stlth    ..........             Q - amulet of the Air {Inacc +Fly rElec EV+5 RMsl}
HPRegen  0.48/turn              w - ring of Sif Muna's Fury {MR++ Str+4 Int-2 SInv Stlth+}
MPRegen  0.24/turn              Z - ring "Wubyt" {rPois MR+ rCorr Str+8 Stlth-}

@: divine shield, glowing, repel missiles, quick
A: retaliatory headbutt, horns 2, large bone plates 1, thin metallic scales 1,
clumsy 1, dopey 1, fire resistance 1, frail 1, subdued magic 1
}: 3/15 runes: decaying, serpentine, abyssal
a: Divine Shield, Cleansing Flame, Summon Divine Warrior, Renounce Religion,
Evoke Flight


You were on level 1 of the Realm of Zot.
You worshipped the Shining One.
The Shining One was exalted by your worship.
You were very hungry.

You visited 11 branches of the dungeon, and saw 48 of its levels.
You visited the Abyss 2 times.
You also visited: Sewer, Gauntlet, Volcano and Desolation.

You collected 6897 gold pieces.
You spent 3278 gold pieces at shops.

Inventory:

Hand Weapons
 a - a +9 double sword of slicing
 b - a +9 eudemon blade of holy wrath (weapon)
Missiles
 C - 3 silver boomerangs
 H - 40 boomerangs (quivered)
 I - 37 silver javelins
 J - 12 javelins
Armour
 d - the +0 scale mail of Soyhes {rC+ rCorr Str+2 Dex+3}
   (You found it on level 3 of the Lair of Beasts)

   It affects your strength (+2).
   It affects your dexterity (+3).
   It protects you from cold.
   It provides partial protection from all sources of acid and corrosion.
 s - a +2 buckler of resistance (worn)
 x - a +4 plate armour of fire resistance (worn)
 z - a +1 hat of magic resistance (worn)
 K - a +1 pair of gloves of dexterity (worn)
 L - the +0 cloak of Sovereignty (worn) {Str+5}
   (You found it on level 11 of the Dungeon)

   It affects your strength (+5).
 M - a +2 pair of boots of running (worn)
 W - a scarf of resistance
Jewellery
 w - the ring of Sif Muna's Fury (left hand) {MR++ Str+4 Int-2 SInv Stlth+}
   (You found it in a sewer)

   [ring of see invisible]

   It affects your strength (+4).
   It affects your intelligence (-2).
   It affects your resistance to hostile enchantments.
   It lets you see invisible.
   It makes you more stealthy.
 Q - the amulet of the Air (around neck) {Inacc +Fly rElec EV+5 RMsl}
   (You found it on level 3 of the Elven Halls)

   [amulet of inaccuracy]

   It reduces the accuracy of all your attacks.
   It affects your evasion (+5).
   It insulates you from electricity.
   It lets you fly.
   It protects you from missiles.
 S - the ring "Davoseut" {rPois rC++ Dex+2 Stlth+}
   (You took it off a deep elf death mage on level 3 of the Elven Halls)

   [ring of stealth]

   It affects your dexterity (+2).
   It greatly protects you from cold.
   It protects you from poison.
   It makes you more stealthy.
 Z - the ring "Wubyt" (right hand) {rPois MR+ rCorr Str+8 Stlth-}
   (You bought it in a shop on level 3 of the Snake Pit)

   [ring of resist corrosion]

   It affects your strength (+8).
   It protects you from poison.
   It affects your resistance to hostile enchantments.
   It provides partial protection from all sources of acid and corrosion.
   It makes you less stealthy.
Wands
 f - a wand of digging (17)
 l - a wand of flame (48)
 P - a wand of paralysis (5)
 U - a wand of iceblast (27)
 X - a wand of acid (16)
Scrolls
 e - 6 scrolls of enchant weapon
 j - 7 scrolls of fear
 k - 4 scrolls of summoning
 n - 10 scrolls of teleportation
 p - a scroll of blinking
 u - 14 scrolls of remove curse
 v - 6 scrolls of enchant armour
 y - a scroll of acquirement
 A - a scroll of silence
 B - 10 scrolls of identify
 F - 5 scrolls of immolation
 N - a scroll of brand weapon
 R - 9 scrolls of fog
Potions
 g - 20 potions of curing
 h - 11 potions of mutation
 m - 2 potions of resistance
 o - a potion of berserk rage
 q - 6 potions of might
 r - 11 potions of brilliance
 t - 7 potions of ambrosia
 D - 2 potions of heal wounds
 E - 5 potions of flight
 G - 6 potions of cancellation
 T - 5 potions of haste
 Y - 6 potions of agility
Miscellaneous
 V - 6 phantom mirrors
Comestibles
 c - 53 rations
 i - 2 chunks of flesh


   Skills:
 O Level 27 Fighting
 + Level 19.8 Long Blades
 - Level 18.0 Throwing
 O Level 27 Armour
 - Level 6.8 Dodging
 - Level 1.5 Stealth
 - Level 4.2 Shields
 + Level 1.5 Spellcasting
 * Level 6.1 Summonings
 * Level 2.7 Translocations
 - Level 17.0 Invocations


You had 24 spell levels left.
You knew the following spells:

 Your Spells              Type           Power        Failure   Level  Hunger
a - Summon Butterflies    Summ           #.......     7%          1    ##.....
b - Blink                 Tloc           N/A          41%         2    ###....

Your spell library contained the following spells:

 Spells                   Type           Power        Failure   Level  Hunger
 Summon Small Mammal      Summ           #...         7%          1    ##.....
 Call Imp                 Summ           #.......     11%         2    ###....
 Call Canine Familiar     Summ           #.......     22%         3    ####...
 Apportation              Tloc           #.....       30%         1    ##.....
 Shroud of Golubria       Chrm/Tloc      #.....       61%         2    ###....
 Summon Guardian Golem    Hex/Summ       #.......     61%         3    ####...
 Animate Skeleton         Necr           N/A          67%         1    ##.....
 Beastly Appendage        Tmut           #.....       67%         1    ##.....
 Confusing Touch          Hex            #.....       67%         1    ##.....
 Corona                   Hex            #......      67%         1    ##.....
 Flame Tongue             Conj/Fire      #....        67%         1    ##.....
 Freeze                   Ice            #...         67%         1    ##.....
 Infusion                 Chrm           #...         67%         1    ##.....
 Magic Dart               Conj           #...         67%         1    ##.....
 Shock                    Conj/Air       #...         67%         1    ##.....
 Sting                    Conj/Pois      #...         67%         1    ##.....
 Gell's Gravitas          Tloc           #.........   67%         3    ####...
 Lesser Beckoning         Tloc           #.........   67%         3    ####...
 Teleport Other           Tloc           #.......     67%         3    ####...
 Corpse Rot               Necr           N/A          82%         2    ###....
 Ensorcelled Hibernation  Hex/Ice        #.....       82%         2    ###....
 Poisonous Vapours        Pois/Air       #.....       82%         2    ###....
 Searing Ray              Conj           #.....       82%         2    ###....
 Slow                     Hex            #.......     82%         2    ###....
 Song of Slaying          Chrm           #.......     82%         2    ###....
 Sublimation of Blood     Necr           #.........   82%         2    ###....
 Throw Flame              Conj/Fire      #.....       82%         2    ###....
 Throw Frost              Conj/Ice       #.....       82%         2    ###....
 Portal Projectile        Hex/Tloc       #.....       85%         3    ####...
 Aura of Abjuration       Summ           #.........   91%         5    ######.
 Summon Demon             Summ           #.........   91%         5    ######.
 Summon Ice Beast         Ice/Summ       #.......     95%         4    #####..
 Summon Lightning Spire   Summ/Air       #.......     95%         4    #####..
 Confuse                  Hex            #.......     96%         3    ####...
 Conjure Flame            Conj/Fire      #.......     96%         3    ####...
 Dazzling Spray           Conj/Hex       #.....       96%         3    ####...
 Ignite Poison            Fire/Tmut/Pois #.......     96%         3    ####...
 Inner Flame              Hex/Fire       #.......     96%         3    ####...
 Mephitic Cloud           Conj/Pois/Air  #.......     96%         3    ####...
 Ozocubu's Armour         Chrm/Ice       #.......     96%         3    ####...
 Regeneration             Chrm/Necr      #.........   96%         3    ####...
 Spectral Weapon          Hex/Chrm       #.......     96%         3    ####...
 Static Discharge         Conj/Air       #.......     96%         3    ####...
 Stone Arrow              Conj/Erth      #.....       96%         3    ####...
 Tukima's Dance           Hex            #.......     96%         3    ####...
 Vampiric Draining        Necr           #.........   96%         3    ####...
 Force Lance              Conj/Tloc      #.......     99%         4    #####..
 Summon Forest            Summ/Tloc      #.........   99%         5    ######.
 Cause Fear               Hex            #.........   100%        4    #####..
 Fulminant Prism          Conj/Hex       #.........   100%        4    #####..
 Iskenderun's Mystic Bla  Conj           #.......     100%        4    #####..
 Leda's Liquefaction      Hex/Erth       #.........   100%        4    #####..
 Olgreb's Toxic Radiance  Pois           #.......     100%        4    #####..
 Petrify                  Tmut/Erth      #.......     100%        4    #####..
 Sticky Flame             Conj/Fire      #.......     100%        4    #####..
 Throw Icicle             Conj/Ice       #.......     100%        4    #####..
 Agony                    Necr           #.......     100%        5    ######.
 Alistair's Intoxication  Tmut/Pois      #.......     100%        5    ######.
 Bolt of Draining         Conj/Necr      #.........   100%        5    ######.
 Bolt of Magma            Conj/Fire/Erth #.........   100%        5    ######.
 Borgnjor's Vile Clutch   Necr/Erth      #.........   100%        5    ######.
 Dispel Undead            Necr           #.......     100%        5    ######.
 Excruciating Wounds      Chrm/Necr      #.........   100%        5    ######.
 Fireball                 Conj/Fire      #.........   100%        5    ######.
 Irradiate                Conj/Tmut      #.........   100%        5    ######.
 Iskenderun's Battlesphe  Conj/Chrm      #.......     100%        5    ######.
 Lightning Bolt           Conj/Air       #.........   100%        5    ######.
 Metabolic Englaciation   Hex/Ice        #.........   100%        5    ######.
 Silence                  Hex/Air        #.........   100%        5    ######.
 Venom Bolt               Conj/Pois      #.........   100%        5    ######.
 Yara's Violent Unravell  Hex/Tmut       #.........   100%        5    ######.
 Bolt of Cold             Conj/Ice       #.........   100%        6    #######
 Bolt of Fire             Conj/Fire      #.........   100%        6    #######
 Conjure Ball Lightning   Conj/Air       #.........   100%        6    #######
 Death Channel            Necr           #.........   100%        6    #######
 Deflect Missiles         Chrm/Air       #.........   100%        6    #######
 Dispersal                Tloc           #.........   100%        6    #######
 Freezing Cloud           Conj/Ice/Air   #.........   100%        6    #######
 Hydra Form               Tmut           #.........   100%        6    #######
 Invisibility             Hex            #.......     100%        6    #######
 Iron Shot                Conj/Erth      #.........   100%        6    #######
 Statue Form              Tmut/Erth      #........    100%        6    #######
 Dragon Form              Tmut           #.........   100%        7    #######
 Orb of Destruction       Conj           #.........   100%        7    #######
 Ring of Flames           Chrm/Fire      #.........   100%        7    #######
 Spellforged Servitor     Conj/Summ      #.........   100%        7    #######
 Controlled Blink         Tloc           N/A          100%        8    #######
 Death's Door             Chrm/Necr      #.........   100%        8    #######
 Discord                  Hex            #.........   100%        8    #######
 Disjunction              Tloc           #.........   100%        8    #######
 Ignition                 Fire           #.........   100%        8    #######
 Tornado                  Air            #.........   100%        9    #######


Dungeon Overview and Level Annotations

Branches:
Dungeon (15/15)            Temple (1/1) D:7            Lair (6/6) D:8
  Swamp (4/4) Lair:2        Snake (4/4) Lair:3        Slime (0/5) Lair:5
    Orc (2/2) D:10            Elf (3/3) Orc:2        Vaults (4/5) D:13
  Crypt (3/3) Vaults:3       Tomb (0/3) Crypt:3      Depths (5/5) D:15
    Zot (1/5) Depths:5      Sewer (visited)         Volcano (visited)
Desolation (visited)      Gauntlet (visited)

Altars:
Ashenzari
Cheibriados
Dithmenos
Fedhas
Gozag
Hepliaklqana
Kikubaaqudgha
Makhleb
Nemelex Xobeh
Okawaru
Qazlal
Ru
Sif Muna
Trog
Uskayaw
Vehumet
Xom
Yredelemnul
Zin
The Shining One
Beogh

Shops:
D:11 [   D:14 [   Orc:2 =[(*   Snake:1 :   Snake:3 =}=   Vaults:2 !

Portals:
Hell: Depths:1 Depths:2 Depths:3 Depths:4 Depths:5
Abyss: Depths:4
Pandemonium: Depths:3
Ziggurat: Depths:2

Annotations:
Swamp:3 Roxanne
Depths:5 4 runed translucent doors


Innate Abilities, Weirdness & Mutations

You reflexively headbutt those who attack you in melee.
You have a pair of horns on your head.
You are partially covered in large bone plates. (SH +4)
You are partially covered in thin metallic scales. (AC +2)
You are clumsy. (Dex -2)
You are dopey. (Int -2)
Your flesh is heat resistant. (rF+)
You are frail. (-10% HP)
Your spells are a little easier to cast, but a little less powerful.


Message History

Your daeva calls down the wrath of the Shining One upon the shadow dragon.
The shadow dragon is smitten.
The shadow dragon dies!
The shadow dragon's corpse dissolves into shadows!
You feel much better.
You feel yourself speed up.
You block the golden dragon's attack. x3; You block the shadow dragon's attack.
The shadow dragon misses you. The shadow dragon closely misses you.
The purple draconian barely misses you. The golden dragon bites you!!
* * * LOW HITPOINT WARNING * * *
The golden dragon misses you.
The golden dragon tramples you but does no damage.
The shadow dragon bites you.
* * * LOW HITPOINT WARNING * * *
The shadow dragon completely misses you.
The shadow dragon claws you but does no damage.
Your daeva hits the shadow dragon with a +5 scimitar of holy wrath! x2
You block the purple draconian's attack.
The golden dragon bites you!!
You die...

..# ......# ..^....##
#...>..## ##.......##
#.........##
#........[.##
########......).Ad)##
................@D).#
)............=..D#...#
∩......)........###...#
..............^## #...#
####......###...# #...#
#.....## ##...# #...#
#.....# ##...# #...
#....## #...# #.
..)..... ....#


You could see a shadow dragon (berserk), a golden dragon (berserk), a purple
draconian (berserk) and a friendly daeva.

Vanquished Creatures
  Mennas (Depths:4)
  3 ancient liches (Crypt:3)
  3 caustic shrikes
  3 golden dragons
  Nikola (Depths:2)
  6 liches
  An electric golem (Zot:1)
  Jorgrun (Orc:1)
  A hellephant (Abyss:1)
  2 tentacled monstrosities (Zot:1)
  Rupert (Lair:4)
  2 deep elf blademasters (Elf:3)
  A titan (Depths:2)
  4 deep elf master archers (Elf:3)
  3 ancient champions
  A death cob (Zot:1)
  A shadow dragon (Depths:5)
  4 tentacled starspawn
  3 sphinxes
  2 tengu reavers
  Gastronok (D:8)
  2 thorn hunters
  A revenant (Crypt:2)
  8 nagarajas
  3 storm dragons
  Kirke (Swamp:3)
  The ghost of Yamstis the Nimble, an adept GnMo of Makhleb (D:15)
  8 fire giants
  3 imperial myrmidons (Desolation)
  5 deep elf sorcerers (Elf:3)
  7 vault wardens
  An orc warlord (Vaults:4)
  A ghost moth (Abyss:1)
  3 draconian scorchers (Zot:1)
  3 draconian knights
  An iron dragon (Depths:4)
  3 draconian shifters
  A balrug (Abyss:1)
  A juggernaut zombie (Depths:3)
  An emperor scorpion (D:15)
  5 frost giants
  A deep elf elementalist (Elf:3)
  5 ghouls (Crypt:2)
  A curse skull (Crypt:3)
  A draconian annihilator (Zot:1)
  9 ironheart preservers
  22 stone giants
  A caustic shrike skeleton (Depths:2)
  2 entropy weavers (Vaults:3)
  25 very ugly things
  3 war gargoyles (Crypt:3)
  Nessos (Lair:4)
  A juggernaut skeleton (Depths:2)
  7 vampire knights
  2 green draconians (Depths:5)
  6 deep elf demonologists
  12 deep elf annihilators
  5 purple draconians
  3 black draconians (Depths:5)
  2 halazid warlocks (Desolation)
  4 white draconians
  A spark wasp (Depths:2)
  4 red draconians
  A lorocyproca (Abyss:1)
  A minotaur (Gauntlet)
  A yellow draconian (Depths:5)
  3 eidola (Crypt:1)
  10 deep elf death magi
  8 ettins
  2 green deaths (Swamp:4)
  5 ragged hierophants (Desolation)
  9 jiangshi
  A crystal guardian (Desolation)
  A merfolk javelineer (Orc:2)
  10 fire dragons
  A quicksilver dragon skeleton (Crypt:3)
  8 great orbs of eyes
  A deep elf high priest (Elf:1)
  14 ogre magi
  14 yaktaur captains
  3 great orbs of eyes (shapeshifter) (Abyss:3)
  19 naga warriors
  5 peacekeepers (Desolation)
  20 hydras
  8 rakshasas
  4 spriggan air magi
  2 shambling mangroves (Swamp:2)
  6 servants of whispers (Desolation)
  A hell beast (Depths:2)
  13 ice dragons
  The ghost of Heskey1 the Basher, a journeyman GrFi of Hepliaklqana (Orc:2)
  12 centaur warriors
  6 vault guards
  9 anacondas
  3 ghost crabs
  2 death knights (Vaults:3)
  12 alligators
  21 dancing weapons
  4 death yaks (Lair:6)
  48 two-headed ogres
  6 deep troll shamans
  An orc high priest (Orc:2)
  8 deep troll earth magi
  Urug (D:10)
  8 shock serpents
  6 vampire magi
  10 tengu warriors
  3 hell hogs
  10 naga sharpshooters
  6 spriggan berserkers
  11 thrashing horrors
  18 deep elf knights
  A soul eater (Crypt:1)
  18 hell knights
  A titan skeleton (Depths:2)
  Nergalle (Orc:1)
  A salamander mystic (Snake:2)
  5 sea snakes (Snake:4)
  5 shadow wraiths
  3 iron trolls
  20 skeletal warriors
  3 sixfirhies
  3 spatial maelstroms
  9 wretched stars
  An unseen horror (shapeshifter) (D:15)
  A spriggan druid (Swamp:4)
  A golden dragon zombie (Crypt:3)
  26 starcursed masses (Abyss:1)
  7 swamp dragons
  4 naga ritualists (Snake:1)
  7 wizards
  14 deep elf archers
  5 glowing orange brains
  A shadow demon (Abyss:3)
  46 deep trolls
  7 unseen horrors
  2 shadow dragon zombies
  A swamp dragon (shapeshifter) (D:15)
  8 flayed ghosts
  A harpy (shapeshifter) (Vaults:1)
  17 ironbrand convokers
  Pikel (D:8)
  13 mana vipers
  16 phantasmal warriors
  A lindwurm (Lair:6)
  16 orc knights
  9 necromancers
  A mana viper (shapeshifter) (Abyss:3)
  5 harpies (Vaults:2)
  A frost giant zombie (Depths:1)
  A fire giant zombie (Crypt:1)
  5 orc sorcerers
  A wolf spider (Vaults:1)
  59 deep elf magi
  6 oklob plants
  2 iron dragon skeletons
  6 worldbinders
  5 elephants (Lair:5)
  3 moths of wrath (Zot:1)
  4 manticores
  11 salamanders
  68 ugly things
  A shadow dragon skeleton (Crypt:3)
  4 cyclopes
  The ghost of DrOrange the Ogre Mage, a novice OgWz (D:5)
  7 guardian serpents
  Maurice (D:9)
  An apocalypse crab (Abyss:2)
  A stone giant skeleton (Depths:2)
  37 black mambas
  3 guardian serpents (shapeshifter)
  A dire elephant zombie (Crypt:1)
  An elf zombie (Depths:3)
  7 vault sentinels
  9 smoke demons
  2 fire giant skeletons
  19 naga magi
  5 molten gargoyles
  2 spriggan skeletons (Depths:3)
  2 torpor snails
  2 hellions (Abyss:3)
  17 spiny frogs
  A dire elephant skeleton (Abyss:3)
  7 gargoyles
  11 komodo dragons
  4 orange demons (Swamp:4)
  4 freezing wraiths
  4 kobold demonologists
  A rime drake (Lair:3)
  A spark wasp simulacrum (Depths:2)
  An ice devil (Depths:2)
  39 yaktaurs
  7 tengu conjurers
  5 ancient zymes
  6 red devils
  14 hornets
  4 trolls
  6 meliai (D:14)
  22 blink frogs
  Prince Ribbit (Lair:1)
  8 tyrant leeches
  A meliai (shapeshifter) (Vaults:1)
  46 saltlings (Desolation)
  A raiju (shapeshifter) (Vaults:4)
  An ettin zombie (Depths:1)
  4 polar bears
  An ice dragon zombie (Depths:1)
  8 raiju
  9 bog bodies
  59 slime creatures
  5 hippogriffs
  2 spriggan zombies (Depths:2)
  A flying skull (Abyss:1)
  A black mamba zombie (Crypt:2)
  2 redbacks (shapeshifter)
  3 air elementals
  27 large abominations
  12 shadows
  A guardian serpent skeleton (Crypt:2)
  9 spriggans
  6 water elementals
  A tarantella (shapeshifter) (D:13)
  12 wraiths
  7 vampires
  A fire dragon skeleton (Crypt:2)
  An elf skeleton (Depths:2)
  An ice dragon skeleton (Crypt:1)
  3 redbacks (Vaults:3)
  46 yaks
  2 ynoxinuls
  9 fire bats
  A fire elemental (Elf:2)
  8 wyverns
  A basilisk (shapeshifter) (Vaults:2)
  4 hogs (Swamp:3)
  2 steam dragons (Lair:6)
  A human (D:13)
  2 basilisks
  A black mamba skeleton (Crypt:3)
  8 hungry ghosts
  A golden eye (Abyss:3)
  9 vampire mosquitoes
  3 neqoxecs
  9 wargs
  6 chaos spawn
  47 nagas
  4 spatial vortices (Abyss:1)
  20 swamp worms
  An acid dragon (D:12)
  A soldier ant (D:12)
  9 insubstantial wisps
  A water nymph zombie (Crypt:2)
  6 porcupines
  15 water moccasins
  5 hell hounds
  47 orc warriors
  6 sky beasts
  7 swamp drakes
  7 black bears
  2 floating eyes (Depths:1)
  A slave (D:8)
  2 eyes of draining
  50 ogres
  A black bear (shapeshifter) (Vaults:3)
  2 phantoms
  27 centaurs
  2 ice beasts
  A necrophage (D:7)
  4 wolves (Lair:2)
  9 boggarts
  A hog zombie (Crypt:2)
  12 crocodiles
  6 big kobolds
  A yaktaur zombie (Depths:1)
  6 gnoll sergeants
  26 bullfrogs
  A wyvern zombie (D:10)
  An earth elemental (Elf:2)
  14 small abominations
  3 scorpions
  A wyvern skeleton (D:10)
  17 killer bees
  2 human simulacra
  14 wights
  5 howler monkeys
  5 electric eels
  12 lava snakes
  6 crimson imps
  6 quasits
  15 hounds
  A human zombie (Crypt:3)
  A bullfrog zombie (D:9)
  2 centaur zombies
  2 bullfrog skeletons
  3 centaur skeletons
  28 orc priests
  3 gnoll shamans (D:5)
  3 jellies
  34 orc wizards
  3 iron imps
  4 iguanas
  A porcupine zombie (Crypt:2)
  11 worker ants
  A killer bee zombie (D:7)
  2 hound zombies
  3 hound skeletons
  A howler monkey zombie (D:11)
  2 worker ant zombies
  23 adders
  34 gnolls
  A howler monkey skeleton (Crypt:1)
  A scorpion zombie (Crypt:1)
  2 river rats (D:4)
  5 shadow imps
  A swamp drake skeleton (Crypt:1)
  4 ufetubi
  An ooze (D:3)
  An adder skeleton (D:7)
  5 worms
  A barachi skeleton (Crypt:2)
  2 dart slugs
  10 leopard geckos
  129 orcs
  7 bats
  5 giant cockroaches
  12 hobgoblins
  10 jackals
  24 kobolds
  6 quokkas
  6 ball pythons
  17 frilled lizards
  3 goblins (D:1)
  2 jackal skeletons
  A leopard gecko skeleton (D:5)
  2 leopard gecko zombies
  6 rats
  A bush (Lair:3)
  5 fungi
  2 lurking horrors (Abyss:3)
  12 plants
  4 starspawn tentacles (Abyss:1)
  2 withered plants (Crypt:3)
2542 creatures vanquished.

Vanquished Creatures (collateral kills)
  Saint Roka (Orc:2)
  A tentacled monstrosity (Swamp:4)
  A nagaraja (Snake:4)
  A draconian shifter (Zot:1)
  A very ugly thing (Vaults:2)
  A stone giant (Vaults:2)
  A black draconian (Depths:5)
  A yellow draconian (Depths:5)
  An eidolon (Crypt:3)
  3 deep elf death magi (Elf:3)
  2 crystal guardians (Abyss:3)
  A yaktaur captain (Vaults:2)
  3 servants of whispers (Desolation)
  2 hydras
  A naga warrior (Snake:4)
  A peacekeeper (Desolation)
  A two-headed ogre (Vaults:4)
  A vampire mage (Crypt:3)
  A spriggan (Swamp:2)
  3 deep elf knights (Elf:3)
  2 sea snakes (Snake:4)
  A swamp dragon (Swamp:4)
  2 unseen horrors (Abyss:3)
  A deep troll (Depths:5)
  An ironbrand convoker (Desolation)
  5 ugly things (D:14)
  A frost giant zombie (Crypt:3)
  2 deep elf magi (Elf:3)
  3 guardian serpents
  A molten gargoyle (Desolation)
  A smoke demon (Crypt:3)
  A naga mage (Snake:4)
  An efreet (D:14)
  A small abomination (Elf:3)
  7 saltlings (Desolation)
  A bog body (Swamp:4)
  A hornet (Swamp:2)
  5 slime creatures
  A vampire (Crypt:3)
  3 yaks
  3 nagas (Snake:4)
  A manticore zombie (Crypt:3)
  A worker ant (D:14)
74 creatures vanquished.

Vanquished Creatures (others)
  A two-headed ogre (Vaults:3)
  An ugly thing (D:14)
  A human (Swamp:3)
  2 yaks (D:14)
  A water elemental (D:15)
  A naga (Snake:4)
  A small abomination (Abyss:3)
  A jelly (D:5)
  A worker ant (D:5)
  A ball lightning (Snake:4)
  A jackal (D:5)
  15 fungi
  A lurking horror (Abyss:2)
  A pillar of salt (Vaults:2)
  25 plants
  4 starspawn tentacles (Abyss:1)
58 creatures vanquished.

Grand Total: 2674 creatures vanquished

Notes
Turn   | Place    | Note
-------+----------+-------------------------------------------
     0 | D:1      | mortelune the Minotaur Monk began the quest for the Orb.
     0 | D:1      | Reached XP level 1. HP: 19/19 MP: 0/0
   468 | D:1      | Reached XP level 2. HP: 26/27 MP: 1/1
   572 | D:1      | Reached skill level 1 in Armour
   911 | D:1      | Reached XP level 3. HP: 30/33 MP: 2/2
  2068 | D:2      | Reached XP level 4. HP: 34/40 MP: 3/3
  2195 | D:2      | Found a snail-covered altar of Cheibriados.
  2637 | D:2      | Found a burning altar of Makhleb.
  2637 | D:2      | Noticed an Executioner
  2917 | D:3      | Reached skill level 5 in Long Blades
  2959 | D:3      | Gained mutation: Your flesh is heat resistant. (rF+)
                  | [potion of mutation]
  2959 | D:3      | Gained mutation: You are partially covered in thin metallic
                  | scales. (AC +2) [potion of mutation]
  2959 | D:3      | Gained mutation: You are clumsy. (Dex -2) [potion of
                  | mutation]
  2959 | D:3      | Gained mutation: You are partially covered in large bone
                  | plates. (SH +4) [potion of mutation]
  3235 | D:3      | You fall into a shaft and drop 2 floors!
  3235 | D:5      | Entered Level 5 of the Dungeon
  3239 | D:5      | Reached XP level 5. HP: 44/47 MP: 4/4
  3298 | D:5      | Noticed an ogre
  3498 | D:4      | Found a glowing drain.
  3506 | Sewer    | Entered a sewer
  3794 | Sewer    | Reached XP level 6. HP: 38/55 MP: 5/5
  3797 | Sewer    | Reached skill level 5 in Fighting
  3807 | Sewer    | Got an ancient lapis lazuli ring
  3810 | Sewer    | Identified the ring of Sif Muna's Fury {MR++ Str+4 Int-2
                  | SInv Stlth+} (You found it in a sewer)
  4287 | D:3      | Found a blossoming altar of Fedhas.
  4828 | D:4      | Reached XP level 7. HP: 32/61 MP: 6/6
  5011 | D:4      | Reached skill level 5 in Dodging
  5570 | D:5      | Found a basalt altar of Yredelemnul.
  5945 | D:5      | Found a bloodstained altar of Trog.
  6264 | D:5      | Noticed DrOrange's ghost (novice OgWz)
  6265 | D:5      | Found a transporter.
  6272 | D:5      | Noticed a hornet
  6329 | D:5      | Reached XP level 8. HP: 70/70 MP: 7/7
  6369 | D:5      | Found a shadowy altar of Dithmenos.
  6526 | D:5      | Reached skill level 5 in Armour
  7346 | D:5      | Found a transporter.
  7369 | D:5      | Found a hide-covered altar of Uskayaw.
  8211 | D:6      | Reached XP level 9. HP: 79/79 MP: 8/8
  8585 | D:7      | Reached skill level 10 in Long Blades
  9628 | D:7      | Found a staircase to the Ecumenical Temple.
  9648 | Temple   | Entered the Ecumenical Temple
  9662 | Temple   | Became a worshipper of the Shining One
  9662 | Temple   | Reached * piety under the Shining One
  9662 | Temple   | Reached ** piety under the Shining One
  9992 | D:8      | Reached XP level 10. HP: 90/90 MP: 9/9
 10046 | D:8      | Reached skill level 1 in Invocations
 10061 | D:8      | Found a staircase to the Lair.
 10511 | D:8      | Noticed Pikel
 10537 | D:8      | Killed Pikel
 10666 | D:8      | Noticed Gastronok
 11247 | D:9      | Found a glowing silver altar of Zin.
 11353 | D:9      | Noticed Maurice
 11360 | D:9      | Reached *** piety under the Shining One
 11362 | D:9      | Killed Maurice
 11688 | D:10     | Entered Level 10 of the Dungeon
 12665 | D:10     | Reached skill level 10 in Fighting
 12665 | D:10     | Reached XP level 11. HP: 99/99 MP: 12/12
 12774 | D:10     | Noticed a two-headed ogre
 12790 | D:10     | Killed a two-headed ogre
 13150 | D:10     | Found Voischas's Antique Armour Boutique.
 13325 | D:10     | Found a staircase to the Orcish Mines.
 13892 | D:11     | Reached **** piety under the Shining One
 14039 | D:11     | Found Annuk's Antique Armour Boutique.
 14075 | D:11     | Got a spiked cloak
 14086 | D:11     | Identified the +0 cloak of Sovereignty {Str+5} (You found
                  | it on level 11 of the Dungeon)
 14101 | D:11     | Found a gate leading to a gauntlet.
 14112 | Gauntlet | Entered a Gauntlet
 14112 | Gauntlet | Found a runed translucent door.
 14112 | Gauntlet | Found a transporter.
 14112 | Gauntlet | Found a runed translucent door.
 14112 | Gauntlet | Found a transporter.
 14120 | Gauntlet | Noticed a tengu warrior
 14130 | Gauntlet | Found a transporter.
 14134 | Gauntlet | Found a transporter.
 14136 | Gauntlet | Noticed a sixfirhy
 14142 | Gauntlet | Found a transporter.
 14146 | Gauntlet | Found a transporter.
 14151 | Gauntlet | Noticed a wretched star
 14158 | Gauntlet | Found a transporter.
 14163 | Gauntlet | Found a runed translucent door.
 14170 | Gauntlet | Found a runed translucent door.
 14170 | Gauntlet | Found a transporter.
 14171 | Gauntlet | Found a runed translucent door.
 14173 | Gauntlet | Noticed a dire elephant
 14184 | Gauntlet | Found a transporter.
 14188 | Gauntlet | Found a transporter.
 14190 | Gauntlet | Found the +2 pair of boots of the Assassin {Detection Stab+
                  | Stlth++}
 14199 | Gauntlet | Found a transporter.
 14200 | Gauntlet | Found a transporter.
 14272 | Gauntlet | Killed a tengu warrior
 14304 | Gauntlet | Noticed a lindwurm
 14304 | Gauntlet | a jumping spider changed into a lindwurm
 14321 | Gauntlet | Noticed a glowing orange brain
 14321 | Gauntlet | a lindwurm changed into a glowing orange brain
 14331 | Gauntlet | Noticed an orb spider
 14331 | Gauntlet | a rime drake changed into an orb spider
 14340 | Gauntlet | Killed a sixfirhy
 14477 | Gauntlet | Gained mutation: You are dopey. (Int -2) [a neqoxec]
 14481 | Gauntlet | Reached skill level 5 in Invocations
 14483 | Gauntlet | Gained mutation: Your spells are a little easier to cast,
                  | but a little less powerful. [a neqoxec]
 14498 | Gauntlet | Killed a wretched star
 14498 | Gauntlet | Reached skill level 10 in Armour
 14513 | Gauntlet | Got a pair of pitted boots
 14519 | Gauntlet | Identified the +2 pair of boots of the Barber Surgeon
                  | {-Tele rCorr Int+8} (You found it in a Gauntlet)
 14596 | Gauntlet | Identified the +3 war axe of the People {chop, rC+}
 14596 | Gauntlet | Noticed a minotaur
 14611 | Gauntlet | Killed a minotaur
 14950 | Gauntlet | Identified Sif Muna's Collected Works on Weightlessness
 15005 | Gauntlet | Got a faintly glowing ring mail
 15016 | Gauntlet | Identified the cursed +0 ring mail "Itramid" {MR- Regen+
                  | Str+6} (You found it in a Gauntlet)
 15830 | D:11     | Noticed a purple ugly thing
 15830 | D:11     | Reached ***** piety under the Shining One
 15859 | D:11     | Killed a purple ugly thing
 16290 | D:12     | Reached skill level 1 in Shields
 16405 | D:12     | Noticed a sea snake
 16444 | D:12     | Noticed a brown ugly thing
 16451 | D:12     | Killed a brown ugly thing
 16451 | D:12     | Reached XP level 12. HP: 110/110 MP: 15/15
 17141 | D:12     | Noticed a two-headed ogre
 17160 | D:12     | Killed a two-headed ogre
 17875 | D:8      | Killed Gastronok
 18075 | D:8      | Found a shimmering altar of Xom.
 18095 | D:8      | Found a sacrificial altar of Ru.
 18241 | D:5      | Killed DrOrange's ghost
 18368 | Lair:1   | Entered Level 1 of the Lair of Beasts
 18374 | Lair:1   | Noticed a four-headed hydra
 18385 | Lair:1   | Killed a five-headed hydra
 18792 | Lair:1   | Noticed Prince Ribbit
 18808 | Lair:1   | Killed Prince Ribbit
 19107 | Lair:1   | Reached XP level 13. HP: 73/119 MP: 5/18
 20461 | Lair:2   | Identified a scroll of acquirement
 20732 | Lair:2   | Found a staircase to the Swamp.
 21500 | Lair:3   | Found a staircase to the Snake Pit.
 21521 | Lair:3   | Got a bloodstained scale mail
 21532 | Lair:3   | Identified the +0 scale mail of Soyhes {rC+ rCorr Str+2
                  | Dex+3} (You found it on level 3 of the Lair of Beasts)
 22608 | Lair:4   | Noticed Nessos
 22621 | Lair:4   | Killed Nessos
 22906 | Lair:4   | Noticed Rupert
 22918 | Lair:4   | Killed Rupert
 23042 | Lair:4   | Reached skill level 10 in Invocations
 24564 | Lair:5   | Reached XP level 14. HP: 93/133 MP: 17/20
 24877 | Lair:5   | Found a staircase to the Slime Pits.
 25090 | Lair:5   | You fall into a shaft and drop 1 floor!
 25090 | Lair:6   | Entered Level 6 of the Lair of Beasts
 25214 | Lair:6   | Found a dark tunnel.
 25223 | Volcano  | Entered a volcano
 25335 | Volcano  | Reached skill level 1 in Throwing
 25351 | Volcano  | Found a radiant altar of Vehumet.
 25478 | Volcano  | Gained mutation: You are frail. (-10% HP) [a neqoxec]
 25943 | Lair:6   | Reached skill level 15 in Fighting
 26653 | Lair:6   | Found a large runed translucent door.
 26840 | Lair:6   | Found a large runed translucent door.
 26941 | Lair:6   | Reached skill level 5 in Throwing
 28036 | D:13     | Reached skill level 15 in Armour
 29087 | D:13     | Found a gate to the Vaults.
 29498 | D:14     | Reached XP level 15. HP: 43/126 MP: 22/22
 30687 | D:14     | Found Ynibu's Armour Shop.
 30694 | D:14     | Bought a +4 plate armour of fire resistance for 850 gold
                  | pieces
 31072 | Orc:1    | Entered Level 1 of the Orcish Mines
 31072 | Orc:1    | Noticed Urug
 31089 | D:10     | Killed Urug
 31484 | Orc:1    | Found a roughly hewn altar of Beogh.
 31833 | Orc:2    | Entered Level 2 of the Orcish Mines
 31928 | Orc:2    | Found a runed translucent gate.
 31929 | Orc:2    | Found a runed translucent gate.
 31929 | Orc:2    | Found a runed translucent gate.
 31931 | Orc:2    | Noticed Heskey1's ghost (journeyman GrFi)
 31933 | Orc:2    | Identified the +0 robe "Zuarocse" {rC+ Stlth+}
 31934 | Orc:2    | Found the +8 autumn katana {slice, Clar}
 31938 | Orc:1    | Noticed Jorgrun
 32001 | Orc:1    | Killed Jorgrun
 32324 | Orc:2    | Found an iron altar of Okawaru.
 32366 | Orc:2    | Noticed Nergalle
 32520 | Orc:1    | Killed Nergalle
 32711 | Orc:2    | Reached ****** piety under the Shining One
 32718 | Orc:2    | Reached skill level 15 in Long Blades
 32795 | Orc:2    | Noticed Saint Roka
 33164 | Orc:2    | Found a bloodstained altar of Trog.
 33199 | Orc:2    | Found a roughly hewn altar of Beogh.
 33767 | Orc:2    | Killed Saint Roka
 33999 | Orc:2    | Found a roughly hewn altar of Beogh.
 34003 | Orc:2    | Found Gapp's Antique Weapon Shoppe.
 34075 | Orc:2    | Found Buette's Antique Armour Shoppe.
 34144 | Orc:2    | Found a staircase to the Elven Halls.
 34239 | Orc:2    | Found Rexiut's General Store.
 34245 | Orc:2    | Bought a potion of heal wounds for 70 gold pieces
 34253 | Orc:2    | Found Coxkueze's Jewellery Shoppe.
 34261 | Orc:2    | Bought an uncursed amulet of faith for 520 gold pieces
 34457 | Orc:2    | Bought a pair of glowing gloves for 150 gold pieces
 34457 | Orc:2    | Bought a pair of runed gloves for 150 gold pieces
 34793 | D:15     | Entered Level 15 of the Dungeon
 35076 | D:15     | Found a glowing golden altar of the Shining One.
 35728 | D:15     | Found a large runed translucent door.
 35732 | D:15     | Found a large runed translucent door.
 35741 | D:15     | Noticed Yamstis's ghost (adept GnMo)
 35913 | D:15     | Found a staircase to the Depths.
 36190 | D:15     | Killed Yamstis's ghost
 36190 | D:15     | Reached XP level 16. HP: 127/136 MP: 24/24
 36531 | Swamp:1  | Entered Level 1 of the Swamp
 39082 | Swamp:3  | Noticed Roxanne
 39215 | Swamp:3  | Noticed a thorn hunter
 39228 | Swamp:3  | Killed a thorn hunter
 39611 | Swamp:3  | Noticed Kirke
 39632 | Swamp:3  | Killed Kirke
 40224 | Swamp:4  | Entered Level 4 of the Swamp
 40612 | Swamp:4  | Reached XP level 17. HP: 129/149 MP: 25/25
 40899 | Swamp:4  | Noticed a tentacled monstrosity
 40936 | Swamp:4  | Killed a tentacled monstrosity
 41881 | Swamp:4  | Identified the cursed +0 large shield "Wauptin" {rF+ Regen+
                  | Int+4 Dex-2}
 42337 | Swamp:4  | Got a decaying rune of Zot
 42488 | Snake:1  | Entered Level 1 of the Snake Pit
 42538 | Snake:1  | Reached skill level 10 in Throwing
 43520 | Snake:1  | Found Ibraiwekh's Book Shop.
 43836 | Snake:1  | Found a hide-covered altar of Uskayaw.
 46185 | Snake:3  | Reached XP level 18. HP: 58/158 MP: 27/27
 46597 | Snake:3  | Found Cukor's Jewellery Shoppe.
 46598 | Snake:3  | Found Keneutsext's Gadget Boutique.
 46599 | Snake:3  | Found Buqytouf's Jewellery Shoppe.
 47019 | Snake:3  | Identified the +4 war axe of Forgiveness {venom, +Inv Str+2
                  | Stlth-}
 47488 | Snake:3  | Identified the cursed +0 long sword of No Interval {flame,
                  | -Tele +Rage rC++ rN+} (You found it on level 3 of the Snake
                  | Pit)
 47645 | Snake:3  | Bought the ring "Wubyt" {rPois MR+ rCorr Str+8 Stlth-} for
                  | 730 gold pieces
 47703 | Snake:4  | Entered Level 4 of the Snake Pit
 50105 | Snake:4  | Reached skill level 15 in Invocations
 50540 | Snake:4  | Got a serpentine rune of Zot
 50971 | Vaults:1 | Entered Level 1 of the Vaults
 51406 | Vaults:1 | Reached XP level 19. HP: 139/165 MP: 29/29
 51794 | Vaults:1 | Identified the +8 arbalest "Geoduez" {velocity, rPois MR+
                  | Int+3} (You found it on level 1 of the Vaults)
 52836 | Vaults:2 | Found Ikakhluru's Distillery.
 52851 | Vaults:2 | Bought a potion of haste for 160 gold pieces
 52851 | Vaults:2 | Bought a potion of agility for 64 gold pieces
 52851 | Vaults:2 | Bought a potion of might for 64 gold pieces
 52911 | Vaults:2 | Found a ruined gateway.
 52926 | Desolati | Entered the Desolation of Salt
 53255 | Desolati | Identified the cursed ring of Xom's Approval {rElec rC-
                  | EV-2 Int+2}
 53591 | Desolati | Identified the Catalogue of Flames
 53596 | Desolati | Identified the +1 war axe of Ympapn {chop, rF+ rN+ MR+}
                  | (You found it in the Desolation of Salt)
 53992 | Desolati | Identified the cursed +0 chain mail "Ymetiaq" {Int+2 SInv
                  | Stlth+} (You found it in the Desolation of Salt)
 54164 | Desolati | Identified the Handbook of Creative Confrontation
 54335 | Desolati | Identified the Handbook of the Death Scarab
 55526 | Vaults:2 | You fall into a shaft and drop 2 floors!
 55717 | Vaults:2 | Reached XP level 20. HP: 157/174 MP: 31/31
 55822 | Vaults:2 | HP: 5/175 [stone giant/large rock (35)]
 55824 | Vaults:2 | Identified the +0 large shield of Siunem Lifimp {rPois MR-
                  | Regen+ Dex+7}
 56981 | Vaults:2 | Reached skill level 15 in Throwing
 59304 | Vaults:3 | Found a staircase to the Crypt.
 59367 | Vaults:4 | Got a twitching marble ring
 59368 | Vaults:4 | Identified the ring "Wahiel" {-Tele rF+ MR++ EV+3} (You
                  | found it on level 4 of the Vaults)
 59435 | Vaults:4 | Cast into level 1 of the Abyss (deep elf mage)
 59541 | Abyss:1  | Reached XP level 21. HP: 182/183 MP: 32/32
 59924 | Vaults:4 | Escaped the Abyss
 61780 | Depths:1 | Entered Level 1 of the Depths
 62432 | Depths:1 | Found a gateway to Hell.
 63035 | Depths:2 | Reached XP level 22. HP: 176/193 MP: 33/33
 63136 | Depths:2 | Identified Sif Muna's Disquisition on the Shifting Birds
 63501 | Depths:2 | Noticed Nikola
 63512 | Depths:2 | Identified the +6 fustibalus "Getefug" {freeze, +Blink rF+
                  | rC+}
 63513 | Depths:2 | Killed Nikola
 63768 | Depths:2 | Identified the Papyrus of Flight and the Voyage
 63832 | Depths:2 | Found a gateway to a ziggurat.
 64317 | Depths:3 | Found a one-way gate leading to the halls of Pandemonium.
 64575 | Depths:3 | Identified a +0 pair of boots of running (You found it on
                  | level 3 of the Depths)
 65438 | Depths:4 | Identified a +5 eudemon blade of holy wrath (a +3 demon
                  | blade of flaming blessed by the Shining One)
 65438 | Depths:4 | Received a gift from the Shining One
 65719 | Depths:4 | Found a sparkling altar of Nemelex Xobeh.
 65806 | Depths:4 | You fall into a shaft and drop 1 floor!
 65806 | Depths:5 | Entered Level 5 of the Depths
 65806 | Depths:5 | Noticed a caustic shrike
 65806 | Depths:5 | Noticed a caustic shrike
 65806 | Depths:5 | Noticed a caustic shrike
 65807 | Depths:5 | Noticed Mennas
 65840 | Depths:4 | Reached XP level 23. HP: 120/206 MP: 34/34
 66119 | Depths:4 | Identified the cursed +1 broad axe "Ticloa" {chop, rElec
                  | Int+2 SInv} (You found it on level 4 of the Depths)
 66442 | Depths:4 | Killed a caustic shrike
 66447 | Depths:4 | Killed a caustic shrike
 66830 | Depths:4 | Found a one-way gate to the infinite horrors of the Abyss.
 67031 | Depths:4 | Killed Mennas
 67891 | Depths:5 | Killed a caustic shrike
 68918 | Depths:5 | Found a runed translucent door.
 68930 | Depths:5 | Found a runed translucent door.
 68930 | Depths:5 | Found a runed translucent door.
 68941 | Depths:5 | Found a runed translucent door.
 69061 | Depths:5 | Found a runed translucent door.
 69061 | Depths:5 | Found a runed translucent door.
 69113 | Depths:5 | Found a gate to the Realm of Zot.
 69497 | Depths:5 | Identified the +2 pair of boots of the Aged Mice {rElec rC+
                  | rN+ Str-2} (You acquired it on level 5 of the Depths)
 69498 | Depths:5 | Identified the +3 ring mail of Hedonism {MP+9} (You
                  | acquired it on level 5 of the Depths)
 69901 | Orc:2    | Bought a glowing plate armour for 520 gold pieces
 69965 | Elf:1    | Entered Level 1 of the Elven Halls
 70750 | Elf:2    | Reached XP level 24. HP: 218/218 MP: 34/34
 71038 | Elf:2    | Found a runed translucent gate.
 71040 | Elf:2    | Found a runed translucent gate.
 71041 | Elf:2    | Found a runed translucent gate.
 71610 | Elf:3    | Entered Level 3 of the Elven Halls
 72517 | Elf:3    | Identified the ring "Davoseut" {rPois rC++ Dex+2 Stlth+}
 72775 | Elf:3    | Identified the +11 glaive of Pievook {flame, +Rage Int+2
                  | SInv Stlth+}
 72895 | Elf:3    | Identified the +7 battleaxe "Itutokio" {chop, rElec rN+
                  | MR-}
 72896 | Elf:3    | Found the amulet of the Air {Inacc +Fly rElec EV+5 RMsl}
 72905 | Elf:3    | Identified the cursed +1 robe of the Shoals {Dex+2}
 72941 | Elf:3    | Found the +0 staff of Battle
 72943 | Elf:3    | Identified the Grimoire of Frigorific Curses
 72962 | Elf:3    | Identified the Collected Works on Damaging Translocation
 73542 | Crypt:1  | Entered Level 1 of the Crypt
 74847 | Crypt:3  | Entered Level 3 of the Crypt
 75052 | Crypt:3  | Reached XP level 25. HP: 229/229 MP: 34/34
 75161 | Crypt:3  | Found a staircase to the Tomb.
 75770 | Crypt:3  | Noticed an ancient lich
 75776 | Crypt:3  | Killed an ancient lich
 75920 | Crypt:3  | Found an ancient bone altar of Kikubaaqudgha.
 75934 | Crypt:3  | Noticed an ancient lich
 75940 | Crypt:3  | Killed an ancient lich
 75959 | Crypt:3  | Identified the Reference Book on Evil
 75971 | Crypt:3  | Noticed an ancient lich
 75978 | Crypt:3  | Killed an ancient lich
 76626 | Crypt:3  | Learned a level 1 spell: Summon Butterflies
 76629 | Crypt:3  | Learned a level 2 spell: Blink
 77034 | Depths:4 | Voluntarily entered the Abyss.
 77263 | Abyss:1  | Reached skill level 1 in Summonings
 77512 | Abyss:1  | Paralysed by accursed screaming for 1 turns
 77519 | Abyss:1  | Reached skill level 27 in Fighting
 77556 | Abyss:1  | Found a corrupted altar of Lugonu.
 77728 | Abyss:2  | Found a corrupted altar of Lugonu.
 78037 | Abyss:3  | Reached skill level 27 in Armour
 78041 | Abyss:3  | Got an abyssal rune of Zot
 78318 | Depths:4 | Escaped the Abyss
 79672 | Orc:2    | Killed Heskey1's ghost
 79684 | Orc:2    | Reached skill level 5 in Summonings
 80096 | Zot:1    | Entered Level 1 of the Realm of Zot
 80119 | Zot:1    | Reached skill level 1 in Translocations
 80191 | Zot:1    | Reached skill level 1 in Spellcasting
 80230 | Zot:1    | Slain by a golden dragon

Levels and vault maps discovered:
D:1:      dpeg_arrival_orchard, layout_basic
D:2:      layout_basic, kennysheep_slug_shrine, makhleb_altar_promises_db
D:3:      layout_loops_cross, overflow_temple_1_default,
          minmay_stone_trees_small
D:4:      layout_cave_pods, serial_glass, glass_columns_a, glass_columns_c,
          lightli_sewer_entry_pipes
D:5:      layout_cave_pools, yredelemnul_altar_generic,
          nicolae_dithmenos_the_darkroom, lemuel_round_altar, bloody_trog,
          first_ration, serial_gnoll_camp, gnoll_camp_medium_02,
          gnoll_camp_huts_basic, gnoll_camp_mini_doghouse, gnoll_camp_medium_01,
          gnoll_camp_mini_hut, gammafunk_ghost_hive, lemuel_flamethrower_2
D:6:      layout_cave_pods
D:7:      layout_basic, minmay_temple_entry_trees, grunt_ogre_cave,
          minmay_fractal_squares_5
D:8:      layout_rooms, lemuel_round_altar, nicolae_overflow_hidden_temple,
          due_lair_maze_entry_diamond, minivault_1, minmay_starry_boxes,
          uniq_gastronok, uniq_pikel
D:9:      layout_loops_ring, lemuel_doored_altar, uniq_maurice
D:10:     layout_irregular_city, erik_orc_2, serial_shops, shop
D:11:     layout_loops_corners, serial_shops, shop, gauntlet_entry_generic,
          grunt_ministairs_1, nicolae_two_hexagons
D:12:     layout_loops_corners, serial_aquarium, aquarium_bridge_square
          [aquarium_subvault_balcony, aquarium_subvault_bridge,
          aquarium_subvault_window, aquarium_subvault_bridge],
          aquarium_window_corridor_3, aquarium_window_fake,
          aquarium_window_fake, aquarium_window_fake, aquarium_view_2c,
          aquarium_balcony_5b
D:13:     layout_stronghold, grunt_vaults_entry_fortified
D:14:     layout_loops_cross, minivault_23, serial_shops,
          nicolae_shop_waterfront
D:15:     hangedman_depths_entry_try_elsewhere_first, layout_rooms,
          tso_metal_star, ebering_ghost_disaster_area, water_boxes_lemuel
Temple:   cyrus_circular_temple
Lair:1:   layout_regular_city, uniq_prince_ribbit2
Lair:2:   layout_cave_shapes, swamp_mist_pool, worms_lemuel
Lair:3:   layout_regular_city, minmay_snake_entry_six_corridors,
          minmay_lair_oklob_bushes, grunt_megastairs_5
Lair:4:   minmay_lair_oklob_tunnel, layout_loops_ring, uniq_nessos, uniq_rupert
Lair:5:   layout_long_grid, minmay_slime_entry_oklob_enclosed, minivault_23,
          cheibrodos_lair_lostbears
Lair:6:   cheibrodos_lair_end_hotspot, layout_regular_city,
          nicolae_volcano_entry_batcave, infiniplex_staircase_pool
Swamp:1:  layout_basic_swamp, nicolae_swamp_fairy_circle
Swamp:2:  layout_basic_swamp, evilmike_swamp_ruin_house_2,
          nicolae_swamp_dense_foliage
Swamp:3:  layout_falls_marsh, evilmike_swamp_ruin_rubble_2, uniq_kirke,
          uniq_roxanne
Swamp:4:  swamp_vile, layout_basic_swamp
Snake:1:  layout_layer_cave, serial_shops, shop, basic_altar
Snake:2:  layout_rooms
Snake:3:  layout_cave_town, drop_trap, grunt_ministairs_6,
          hangedman_snake_corridor_split, minmay_shop_grove
Snake:4:  grunt_snake_rune_pools, layout_cave_town
Orc:1:    layout_caves, basic_altar, mines4_lemuel, uniq_jorgrun, uniq_urug
Orc:2:    grunt_orc_cross, layout_diamond_mine, basic_altar,
          gammafunk_ghost_fury_of_okawaru, david_defended_altar_orc
Elf:1:    layout_geoelf_diagonals, kennysheep_underground_church
Elf:2:    layout_geoelf_octagon
Elf:3:    minmay_elf_hall_circle, layout_loops_cross
Vaults:1: hangedman_vaults_stitches, hangedman_vaults_slice, v_misc_23,
          vaults_room_ringed_pool, grunt_vaults_hallway_short, v_misc_19,
          v_misc_18, grunt_vaults_hallway_long, v_misc_14,
          nicolae_vaults_yaktaur_gun_rack, v_misc_16, v_rooms_5, v_pattern_5,
          nicolae_vaults_diagonal_hallway_8, nicolae_vaults_circle_grid_b,
          layout_vaults_omnibox
Vaults:2: v_alt_pattern_2, vaults_mumra_hex, v_misc_17,
          hangedman_vaults_river_flow, nicolae_vaults_little_squares_2,
          v_misc_16, vaults_mumra_hexcomb, hangedman_vaults_capsules,
          nicolae_vaults_shelves_hall, layout_vaults_quadrants, serial_shops,
          shop, portal_desolation_entry_garden
Vaults:3: v_misc_9, hangedman_vaults_snaps, dpeg_vaults_monster_box,
          nicolae_vaults_back_hallway, vaults_dpeg_doors,
          ontoclasm_vaults_idyll, grunt_vaults_funnel,
          minmay_crypt_entry_vampire_xt, nicolae_vaults_little_ls,
          vaults_room_grid, nicolae_vaults_little_squares_4,
          nicolae_vaults_mini_display_case, vaults_mumra_lcd,
          ontoclasm_vaults_idyll, nicolae_vaults_border_crossing,
          layout_vaults_maze
Vaults:4: v_pattern_1, nicolae_vaults_big_ls, v_alt_pattern_2, v_misc_8,
          ontoclasm_vaults_misaligned, grunt_vaults_diagonal, v_misc_4,
          nicolae_vaults_specimen_jars, vaults_dpeg_cross,
          hangedman_vaults_restitches, layout_vaults_ring
Crypt:1:  layout_regular_city, grunt_crypt_arrival_split
Crypt:2:  layout_basic
Crypt:3:  quadcrypt_mu
Depths:1: layout_basic, pf_hell_entry_tar_spiral, serial_glass, glass_columns_a,
          glass_columns_b, minmay_misc_feat_plants, minmay_statues_item,
          grunt_ministairs_3, onia_ninara_cookie
Depths:2: minmay_the_grid_octo_triangle [minmay_the_grid_octo_checkered,
          minmay_the_grid_octo_prize_ultimate_mussel_roller,
          minmay_the_grid_octo_teeth], layout_cave_pools, enter_ziggurat_c,
          hangedman_decor_riveting, grunt_mini_vestibule, uniq_nikola
Depths:3: minmay_thick_lines, layout_gridlike, hell_entry,
          minmay_misc_feat_secret_circle, pan_entry
Depths:4: grunt_bruiser_brothers, layout_basic, hell_entry,
          minmay_room_of_horrors, chequers_serial_rivers_micro_c,
          chequers_serial_rivers_micro_e, nemelex_altar_shiori
Depths:5: evilmike_zot_entry_castle, layout_basic, hell_entry, uniq_mennas,
          uniq_saint_roka
Zot:1:    layout_onion

Skill      XL: |  1  2  3  4  5  6  7  8  9 10 11 12 13 14 15 16 17 18 19 20 21 22 23 24 25 |
---------------+----------------------------------------------------------------------------+-----
Long Blades    | 4 5 6 7 9 11 13 14 16 18 19 | 19.8
Armour         | 1 2 3 4 6 7 9 10 12 14 15 16 18 19 20 22 23 25 26 27 | 27.0
Fighting       | 4 5 6 7 8 10 11 12 14 15 16 18 19 20 21 22 23 25 26 27 | 27.0
Dodging        | 4 5 6 |  6.8
Invocations    | 3 6 8 10 11 12 13 15 16 17 | 17.0
Shields        | 2 4 |  4.2
Throwing       | 6 8 11 13 14 16 18 | 18.0
Summonings     | 6 |  6.1
Translocations | 2 |  2.7
Spellcasting   | 1 |  1.5
Stealth        | |  1.5

Action                   |  1- 3 |  4- 6 |  7- 9 | 10-12 | 13-15 | 16-18 | 19-21 | 22-24 | 25-27 || total
-------------------------+-------+-------+-------+-------+-------+-------+-------+-------+-------++-------
Melee: Falchion          |    94 |   190 |   520 |   352 |       |       |       |       |       ||  1156
       Headbutt          |    19 |    26 |   113 |   204 |   452 |   287 |   441 |   454 |   169 ||  2165
       Scimitar          |       |       |       |   366 |   758 |    62 |       |       |       ||  1186
       Long sword        |       |       |       |    55 |   305 |       |       |       |       ||   360
       Morningstar       |       |       |       |       |    21 |       |       |       |       ||    21
       Double sword      |       |       |       |       |   410 |  1139 |  1212 |   584 |       ||  3345
       Eudemon blade     |       |       |       |       |       |       |       |   749 |   521 ||  1270
Throw: Stone             |    24 |       |     9 |       |       |       |       |       |       ||    33
       Boomerang         |       |       |    19 |    17 |   111 |   234 |   123 |   179 |    39 ||   722
       Javelin           |       |       |       |       |       |     9 |       |       |       ||     9
Invok: Divine Shield     |       |       |       |     6 |     6 |     1 |     1 |     1 |     1 ||    16
       Summon Divine War |       |       |       |     2 |     6 |     6 |    11 |     8 |     4 ||    37
       Cleansing Flame   |       |       |       |     2 |       |     2 |     6 |     8 |     6 ||    24
       Brand Weapon With |       |       |       |       |       |       |       |     1 |       ||     1
Evoke: Wand              |       |       |       |     5 |       |       |     2 |     1 |       ||     8
  Use: Scroll            |     2 |     8 |     4 |    13 |    16 |    10 |    11 |    23 |     4 ||    91
       Potion            |       |     1 |       |     3 |     3 |     3 |     7 |     1 |     4 ||    22
 Stab: Sleeping          |     2 |     1 |       |       |       |       |       |       |       ||     3
  Eat: Chunk             |     4 |     9 |    17 |    28 |    37 |    21 |    26 |    32 |     7 ||   181
       Ration            |       |       |       |     2 |     6 |     9 |     4 |     3 |     3 ||    27
Armor: Robe              |    23 |       |       |       |       |       |       |       |       ||    23
       Chain mail        |       |   101 |   202 |   173 |       |       |       |       |       ||   476
       Plate armour      |       |       |       |   126 |   564 |   649 |   519 |   492 |   207 ||  2557
Dodge: Dodged            |    74 |    88 |   226 |   287 |   512 |   468 |   482 |   582 |   314 ||  3033
       Deflected         |       |       |       |       |     3 |     1 |       |    23 |    11 ||    38
Block: Other             |       |    26 |    80 |    57 |       |       |       |       |       ||   163
       Buckler           |       |       |       |   145 |   672 |   623 |   628 |   575 |   277 ||  2920
       Rpst.: Falchion   |    16 |    25 |    52 |    51 |       |       |       |       |       ||   144
       Scimitar          |       |       |       |    30 |    37 |     2 |       |       |       ||    69
       Long sword        |       |       |       |     2 |    30 |       |       |       |       ||    32
       Double sword      |       |       |       |       |    45 |    76 |   105 |    48 |       ||   274
       Eudemon blade     |       |       |       |       |       |       |       |    46 |    56 ||   102
